AoeStats
← derryjordanweaver

Black Forest

509726946Analyzed
2v2 RM · 6d ago on Sep 27, 2026· 31m 28s· 4 players
Game mode
Random Map
Map size
Medium (4 player)
Population
200
Speed
Normal
Resources
Standard
Victory
Conquest
Starting age
Dark Age
Ending age
Imperial Age
RankedLock teamsTeams togetherTeam positionsShared explorationLock speedFull tech treeHidden civsTurbo modeCheats
Victory
Defeat
🇺🇸 Tatars · United States
731
+16
🇫🇮 Franks · Finland
720
+16
🇮🇹 Aztecs · Italy
742
-17
🇮🇹 Britons · Italy
710
-15
derryjordanweaver
1:46 Loom
13:54 Feudal Age
14:23 Double-Bit Axe
14:33 Gold Mining
14:35 Stone Mining
14:53 Arson
15:21 Horse Collar
15:50 Man-at-Arms
20:35 Scale Mail Armor
21:43 Forging
23:22 Wheelbarrow
22:35 Town Watch
27:33 Castle Age
26:44 Scale Barding Armor
26:40 Padded Archer Armor
26:31 Fletching
28:53 Heavy Plow
29:05 Bow Saw
29:35 Gold Shaft Mining
29:25 Hand Cart
29:11 Town Patrol
29:22 Husbandry
31:47 Iron Casting
Klingarn
1:02 Loom
15:27 Feudal Age
15:58 Gold Mining
15:55 Double-Bit Axe
22:59 Forging
22:54 Scale Barding Armor
25:54 Castle Age
28:08 Gold Shaft Mining
28:07 Husbandry
28:48 Iron Casting
28:33 Chain Barding Armor
28:28 Bow Saw
Gunnies
0:32 Loom
16:43 Feudal Age
19:32 Double-Bit Axe
21:04 Horse Collar
21:19 Gold Mining
27:01 Castle Age
28:51 Wheelbarrow
28:51 Bow Saw
ste88ganna
1:12 Loom
15:29 Feudal Age
18:43 Wheelbarrow
18:03 Double-Bit Axe
18:42 Stone Mining
18:45 Horse Collar
24:03 Castle Age
24:07 Elite Skirmisher
26:45 Fortified Wall
28:10 Bow Saw
30:00 Pikeman
Connection lost

Rejoining the realm…

Still unreachable

The connection could not be restored.

Session expired

The server has moved on; the page needs a fresh start.